 Dungeon Sprint DCSS version 0.18-a0-1014-g3bbf375 (webtiles) character file.

285 pipel the Summoner (level 6, -7/35 HPs)
             Began as a Deep Elf Summoner on Jan 6, 2016.
             Was a Priest of Sif Muna.
             Killed from afar by a lindwurm (18 damage)
             ... with a blast of flame
             ... in the Dungeon (Sprint VII: "The Pits").
             The game lasted 00:07:15 (385 turns).

pipel the Summoner (Deep Elf Summoner)               Turns: 385, Time: 00:07:16

Health: -7/35      AC:  2    Str:  5    XL:     6   Next: 7%
Magic:  7/20       EV: 14    Int: 21    God:    Sif Muna [***...]
Gold:   0          SH:  0    Dex: 16    Spells: 6 memorised, 6 levels left

rFire  . . .     SeeInvis .     a - +1 trident (pierce)
rCold  . . .     Gourm    .     j - +0 robe
rNeg   . . .     Faith    .     (no shield)
rPois  .         Spirit   .     (no helmet)
rElec  .         Dismiss  .     (no cloak)
rCorr  .         Reflect  .     (no gloves)
SustAt .         Harm     .     (no boots)
MR     .....     NoTele   +     (no amulet)
Stlth  ++........               (no ring)
                                (no ring)

@: not resistant to hostile enchantments, unstealthy
A: no striking features
a: Channel Energy, Forget Spell, Renounce Religion


You were in the Dungeon.
You worshipped Sif Muna.
Sif Muna was most pleased with you.
You were not hungry.

You visited 1 branch

Inventory:

Hand Weapons
 a - a +1 trident of piercing (weapon)
 t - a +2 trident
Missiles
 n - 8 stones (quivered)
Armour
 j - a +0 robe (worn)
Magical Staves
 b - an uncursed staff of energy
Scrolls
 i - a scroll of blinking
 p - 3 scrolls of remove curse
 q - 5 scrolls of amnesia
 r - a scroll of summoning
 s - 2 scrolls of vulnerability
Potions
 d - 6 potions of curing
 e - 5 potions of heal wounds
 f - a potion of haste
 g - 4 potions of magic
 h - 3 potions of berserk rage
 m - 2 potions of invisibility
Books
 o - a book of Callings

   Spells                             Type                      Level
   a - Summon Small Mammal            Summoning                    1
   b - Call Imp                       Summoning                    2
   c - Call Canine Familiar           Summoning                    3
   d - Summon Guardian Golem          Hexes/Summoning              3
   e - Summon Lightning Spire         Summoning/Air                4
   f - Summon Ice Beast               Ice/Summoning                4
Comestibles
 c - 8 bread rations
 k - 40 fruits
 l - 7 meat rations
 u - a chunk of flesh


   Skills:
 + Level 1.9 Fighting
 + Level 1.5 Polearms
 + Level 1.2 Throwing
 + Level 3.8 Dodging
 - Level 2.6 Stealth
 + Level 9.0 Spellcasting
 + Level 2.0 Hexes
 + Level 9.5 Summonings
 + Level 1.0 Ice Magic
 + Level 1.0 Air Magic
 + Level 5.7 Invocations


You had 6 spell levels left.
You knew the following spells:

 Your Spells              Type           Power        Failure   Level  Hunger
a - Summon Small Mammal   Summ           ####         1%          1    None
b - Call Imp              Summ           #####...     1%          2    None
c - Call Canine Familiar  Summ           #####...     1%          3    None
d - Summon Guardian Gole  Hex/Summ       ####....     1%          3    None
e - Summon Lightning Spi  Summ/Air       ####....     10%         4    ##.....
f - Summon Ice Beast      Ice/Summ       ####....     10%         4    ##.....


Dungeon Overview and Level Annotations

Branches:
Dungeon (1/1)

Altars:
Ashenzari
Cheibriados
Dithmenos
Elyvilon
Fedhas
Kikubaaqudgha
Makhleb
Nemelex Xobeh
Okawaru
Pakellas
Ru
Sif Muna
Trog
Vehumet
Xom
Yredelemnul
Zin
The Shining One
Beogh
Jiyva
Lugonu


Message History

Attack whom?
Press: ? - help, Dir - move target cursor, f/p - orc
Aim: an orc, wearing a ring mail You reach to attack!
You hit the orc wizard.
The orc wizard is heavily wounded.
Your ice beast disappears in a puff of smoke!
The lindwurm closely misses you. The lindwurm claws you.
The lindwurm misses you.
A lindwurm comes into view.
You take 6 damage, and have 11/35 hp.
You swap places.
The lindwurm bites your guardian golem!
The lindwurm claws your guardian golem but does no damage. x2
There is an open door, spattered with blood here.
You see here a mottled dragon corpse.
The lindwurm breathes flames at you.
The blast of flame hits your guardian golem.
Your guardian golem resists.
The blast of flame hits your wolf. The blast of flame hits you!
Ouch! That really hurt!
You die...

#)#....))[.##.......#
#)###########.......#
#[[.....#.. #########
#..#.#..#.# ####
#.##.##.#.#....#
#..)....#8#oo..#
#.##.##.#.ko...+
#..#.#.)#8#
#......@hY#
###########


You could see a lindwurm, an orc priest, an orc wizard, an orc, a friendly
guardian golem, a friendly ice beast and a friendly wolf.

Vanquished Creatures
  2 worker ants (D)
  An adder (D)
  A giant eyeball (D)
  A giant gecko (D)
  3 orcs (D)
8 creatures vanquished.

Vanquished Creatures (collateral kills)
  A mottled dragon (D)
  A sky beast (D)
  An orc warrior (D)
  An orc wizard (D)
  A jelly (D)
  2 river rats (D)
  An ufetubus (D)
  3 orcs (D)
  A ball python (D)
  2 giant cockroaches (D)
  A goblin (D)
  A hobgoblin (D)
  5 jackals (D)
  A rat (D)
22 creatures vanquished.

Grand Total: 30 creatures vanquished

Notes
Turn   | Place    | Note
--------------------------------------------------------------
     0 | D        | pipel the Deep Elf Summoner began the quest for the Orb.
     0 | D        | Reached XP level 1. HP: 10/10 MP: 6/6
    23 | D        | Reached skill level 5 in Summonings
    53 | D        | Found a sacrificial altar of Ru.
    53 | D        | Found a shadowy altar of Dithmenos.
    53 | D        | Found a bloodstained altar of Trog.
    53 | D        | Found a deep blue altar of Sif Muna.
    53 | D        | Found a shimmering altar of Xom.
    53 | D        | Found a sparkling altar of Nemelex Xobeh.
    53 | D        | Found a corrupted altar of Lugonu.
    53 | D        | Found a viscous altar of Jiyva.
    54 | D        | Found a basalt altar of Yredelemnul.
    54 | D        | Found a glowing golden altar of the Shining One.
    54 | D        | Found a shattered altar of Ashenzari.
    54 | D        | Found a white marble altar of Elyvilon.
    54 | D        | Found a snail-covered altar of Cheibriados.
    54 | D        | Found a blossoming altar of Fedhas.
    54 | D        | Found a radiant altar of Vehumet.
    54 | D        | Found a burning altar of Makhleb.
    54 | D        | Found an ancient bone altar of Kikubaaqudgha.
    54 | D        | Found a glowing silver altar of Zin.
    54 | D        | Found a roughly hewn altar of Beogh.
    54 | D        | Found an iron altar of Okawaru.
    55 | D        | Found an oddly glowing altar of Pakellas.
    57 | D        | Became a worshipper of Sif Muna the Loreminder
    73 | D        | Reached XP level 2. HP: 15/15 MP: 5/8
    90 | D        | Reached skill level 6 in Summonings
    97 | D        | Learned a level 2 spell: Call Imp
   108 | D        | Reached * piety under Sif Muna
   140 | D        | Reached XP level 3. HP: 19/19 MP: 10/10
   146 | D        | Reached skill level 7 in Summonings
   146 | D        | Reached skill level 1 in Invocations
   165 | D        | Learned a level 3 spell: Call Canine Familiar
   169 | D        | Learned a level 3 spell: Summon Guardian Golem
   195 | D        | Noticed a sky beast
   199 | D        | Reached skill level 5 in Spellcasting
   225 | D        | Killed a sky beast
   225 | D        | Reached ** piety under Sif Muna
   225 | D        | Reached skill level 1 in Fighting
   225 | D        | Reached skill level 1 in Throwing
   225 | D        | Reached skill level 1 in Hexes
   225 | D        | Reached skill level 8 in Summonings
   225 | D        | Reached XP level 4. HP: 21/25 MP: 7/14
   239 | D        | Noticed an orc warrior
   239 | D        | Reached skill level 1 in Polearms
   239 | D        | Reached XP level 5. HP: 25/29 MP: 14/17
   267 | D        | Killed an orc warrior
   267 | D        | Reached *** piety under Sif Muna
   267 | D        | Reached skill level 9 in Summonings
   290 | D        | Learned a level 4 spell: Summon Lightning Spire
   295 | D        | Learned a level 4 spell: Summon Ice Beast
   312 | D        | Noticed a mottled dragon
   336 | D        | Killed a mottled dragon
   336 | D        | Reached skill level 5 in Invocations
   336 | D        | Reached XP level 6. HP: 17/35 MP: 15/19
   371 | D        | Reached skill level 1 in Ice Magic
   371 | D        | Reached skill level 1 in Air Magic
   384 | D        | Noticed a lindwurm
   385 | D        | Killed from afar by a lindwurm

Vault maps used:
D:        pitsprint

Action                   |  1- 3 |  4- 6 || total
-------------------------+-------+-------++-------
Melee: Unarmed           |     8 |       ||     8
       Trident           |    34 |    25 ||    59
Throw: Stone             |     3 |       ||     3
 Cast: Summon Small Mamm |     6 |       ||     6
       Call Imp          |     4 |     1 ||     5
       Call Canine Famil |     3 |     3 ||     6
       Summon Guardian G |     2 |     3 ||     5
       Summon Ice Beast  |       |     5 ||     5
       Summon Lightning  |       |     4 ||     4
Invok: Channel Energy    |     7 |    27 ||    34
Evoke: Staff of energy   |     1 |       ||     1
  Use: Potion            |       |     1 ||     1
 Stab: Sleeping          |     2 |     1 ||     3
       Distracted        |     1 |       ||     1
  Eat: Chunk             |       |     5 ||     5
